AoeStats
← Lord Laggington

Arabia

507276540Analyzed
2v2 RM · 28d ago on Sep 17, 2026· 53m 51s· 4 players
Game mode
Random Map
Map size
Medium (4 player)
Population
200
Speed
Normal
Resources
Standard
Victory
Conquest
Starting age
Dark Age
Ending age
Imperial Age
RankedLock teamsTeams togetherTeam positionsShared explorationLock speedFull tech treeHidden civsTurbo modeCheats
Victory
Defeat
🇩🇪 Byzantines · Germany
941
+19
🇲🇽 Slavs · Mexico
936
+19
vs
🇩🇪 Bulgarians · Germany
1011
-19
🇩🇪 Persians · Germany
997
-19
Greenboy
7:20 Loom
10:05 Feudal Age
11:39 Double-Bit Axe
13:21 Horse Collar
16:31 Scale Barding Armor
18:00 Forging
20:08 Bloodlines
20:22 Gold Mining
23:25 Castle Age
24:26 Wheelbarrow
23:26 Man-at-Arms
25:51 Gold Shaft Mining
25:23 Long Swordsman
26:06 Scale Mail Armor
26:37 Squires
27:57 Fletching
29:08 Chain Mail Armor
29:50 Chain Barding Armor
30:30 Bow Saw
30:23 Heavy Plow
31:14 Stone Mining
34:01 Hand Cart
40:02 Imperial Age
38:07 Detinets
38:14 Bodkin Arrow
38:58 Iron Casting
41:23 Conscription
41:06 Druzhina
43:16 Plate Barding Armor
43:44 Hoardings
42:34 Pikeman
42:34 Two-Handed Swordsman
43:07 Halberdier
45:32 Two-Man Saw
45:11 Crop Rotation
46:33 Blast Furnace
45:01 Champion
47:34 Elite Boyar
Schnipzl
2:28 Loom
2:32 Loom
10:56 Feudal Age
11:24 Horse Collar
11:31 Double-Bit Axe
13:21 Wheelbarrow
22:45 Castle Age
20:38 Gold Mining
20:49 Stone Mining
21:57 Forging
21:52 Scale Barding Armor
22:14 Fletching
23:29 Husbandry
24:13 Heavy Plow
24:26 Bow Saw
26:49 Iron Casting
27:57 Chain Barding Armor
29:29 Hand Cart
32:07 Gold Shaft Mining
31:48 Murder Holes
34:32 Imperial Age
33:24 Scale Mail Armor
32:46 Pikeman
33:27 Squires
33:12 Arson
33:59 Bodkin Arrow
34:26 Ballistics
33:48 Treadmill Crane
35:30 Stone Shaft Mining
35:44 Crop Rotation
35:06 Halberdier
36:10 Chain Mail Armor
37:39 Plate Mail Armor
37:44 Plate Barding Armor
39:01 Two-Man Saw
38:07 Bracer
39:19 Conscription
39:36 Cavalier
42:01 Chemistry
42:06 Paladin
43:14 Padded Archer Armor
42:37 Crossbowman
44:18 Leather Archer Armor
44:11 Arbalester
44:57 Thumb Ring
48:47 Ring Archer Armor
novusb4
7:52 Loom
9:37 Feudal Age
10:46 Double-Bit Axe
12:01 Horse Collar
15:37 Gold Mining
18:10 Fletching
19:45 Padded Archer Armor
23:57 Castle Age
24:34 Thumb Ring
23:50 Crossbowman
24:30 Bodkin Arrow
24:16 Pikeman
25:59 Gold Shaft Mining
25:38 Bow Saw
27:23 Heavy Plow
32:12 Wheelbarrow
36:46 Hand Cart
37:04 Stone Mining
40:10 Leather Archer Armor
44:26 Imperial Age
45:01 Stone Shaft Mining
45:01 Gold Shaft Mining
45:26 Kamandaran
45:48 Conscription
46:14 Ring Archer Armor
45:56 Forging
45:52 Scale Barding Armor
47:15 Bloodlines
47:05 Husbandry
46:27 Heavy Camel Rider
48:41 Two-Man Saw
49:31 Chemistry
48:17 Elite Skirmisher
50:54 Chain Barding Armor
51:09 Iron Casting
52:45 Light Cavalry
Lord Laggington
4:46 Loom
11:26 Feudal Age
12:28 Double-Bit Axe
13:37 Arson
16:25 Scale Mail Armor
17:56 Horse Collar
18:11 Gold Mining
19:45 Forging
19:24 Town Watch
25:18 Castle Age
25:04 Bloodlines
25:05 Scale Barding Armor
26:34 Wheelbarrow
27:39 Squires
28:01 Husbandry
28:39 Bow Saw
29:32 Stirrups
29:16 Pikeman
30:29 Chain Mail Armor
30:06 Fletching
33:56 Chain Barding Armor
37:08 Stone Mining
37:50 Bodkin Arrow
38:37 Iron Casting
38:24 Hand Cart
40:43 Gold Shaft Mining
47:00 Imperial Age
52:41 Imperial Age
Connection lost

Rejoining the realm…

Still unreachable

The connection could not be restored.

Session expired

The server has moved on; the page needs a fresh start.